 Dungeon Sprint DCSS version 0.15-a0-734-g2b8d6ef (webtiles) character file.

1510 BluebellGnoll the Nimble (level 8, 4/36 HPs)
             Began as a Spriggan Enchanter on May 11, 2014.
             Was an Elder of Dithmenos.
             Quit the game in the Dungeon (Sprint V: "Ziggurat Sprint").
             The game lasted 00:18:36 (687 turns).

BluebellGnoll the Nimble (Spriggan Enchanter)        Turns: 687, Time: 00:18:36

HP   4/36        AC  3     Str 10      XL: 8   Next: 53%
MP  23/29        EV 38     Int 25      God: Dithmenos [****..]
Gold 0           SH  0     Dex 21      Spells:  6 memorised,  7 levels left

rFire  . . .     SeeInvis +     E - +5 quick blade
rCold  . . .     Clarity  .     b - +1 robe
rNeg   . . .     Conserve .     (shield restricted)
rPois  .         rCorr    .     (helmet restricted)
rElec  .         rRot     .     (no cloak)
SustAb . .       Spirit   .     (gloves unavailable)
rMut   .         Warding  .     (boots unavailable)
Gourm  .         NoTele   +     (no amulet)
MR     +....                    r - +6 ring of intelligence
                                t - +6 ring of strength

@: burdened, agile, bonded with blade, wreathed by umbra, very quick, somewhat
resistant to hostile enchantments, quite stealthy
A: unfitting armour, see invisible, herbivore 3, speed 3, slow metabolism 2
a: Shadow Step, Renounce Religion


You were in the Dungeon.
You worshipped Dithmenos.
Dithmenos was greatly pleased with you.
You were encumbered.
You were very full.

You visited 1 branch

Inventory:

Hand weapons
 E - a +5,+5 quick blade (weapon)
 G - the -1,+4 dagger "Morg" {pain, MR+ Int+5}
   (You found it in the Dungeon)

   In the hands of one skilled in necromantic magic, it inflicts extra damage on
   living creatures.
   It affects your intelligence (+5).
   It affects your resistance to hostile enchantments.
 I - the +6 blowgun of the Red Skies {speed, rC+ rN+}
   (You took it off a crimson imp in the Dungeon)

   Attacks with this weapon are significantly faster.
   It protects you from cold.
   It protects you from negative energy.
Armour
 b - a +1 robe (worn)
Magical devices
 l - a wand of disintegration (7)
 n - a wand of cold (5)
 o - a wand of draining (5)
Comestibles
 m - 4 bread rations
Scrolls
 k - 4 scrolls of blinking
 u - 5 scrolls of remove curse
 y - 3 scrolls of amnesia
 z - 3 scrolls of recharging
 A - 7 scrolls of fog
 B - a scroll of holy word
 C - 5 scrolls of identify
 F - 2 scrolls of fear
Jewellery
 r - a +6 ring of intelligence (right hand)
 s - a +6 ring of intelligence
 t - a +6 ring of strength (left hand)
Potions
 a - a potion of brilliance
 d - 2 potions of invisibility
 e - a potion of porridge
 f - 9 potions of curing
 g - 8 potions of heal wounds
 h - 5 potions of haste
 i - 7 potions of magic
 j - 3 potions of berserk rage
 p - 2 potions of restore abilities
 q - 4 potions of resistance
 w - 3 potions of agility
 x - 2 potions of might
Books
 D - Thahin's Further Progress in Secret Knowledge
   (You found it in the Dungeon)

   Spells                             Type                      Level
   Bolt of Fire                       Conjuration/Fire             6
   Freezing Cloud                     Conjuration/Ice/Air          6
   Conjure Ball Lightning             Conjuration/Air              6
   *Mass Confusion                    Hexes                        6
   Ozocubu's Refrigeration            Ice                          6
   Dispersal                          Translocation                6
Miscellaneous
 v - a disc of storms
 H - a fan of gales


   Skills:
 - Level 3.7 Short Blades
 - Level 1.1 Throwing
 * Level 14.4 Dodging
 * Level 13.7 Stealth
 - Level 10.0 Spellcasting
 - Level 9.5 Hexes
 - Level 10.4 Evocations


You had 7 spell levels left.
You knew the following spells:

 Your Spells              Type           Power        Failure   Level  Hunger
a - Mass Confusion        Hex            ######....   17%         6    #####..
b - Ensorcelled Hibernat  Hex/Ice        #####.       1%          2    None
c - Confuse               Hex            ######..     1%          3    None
d - Sure Blade            Hex/Chrm       #####.....   1%          2    None
e - Dazzling Spray        Conj/Hex       #####...     1%          3    None
f - Enslavement           Hex            ######..     1%          4    None


Dungeon Overview and Level Annotations

Branches:
Dungeon (1/1)

Altars:
Ashenzari
Cheibriados
Dithmenos
Elyvilon
Fedhas
Gozag
Kikubaaqudgha
Makhleb
Nemelex Xobeh
Okawaru
Qazlal
Sif Muna
Trog
Vehumet
Xom
Yredelemnul
Zin
The Shining One
Beogh
Jiyva
Lugonu


Innate Abilities, Weirdness & Mutations

You are tiny and cannot use many weapons and most armour.
You have supernaturally acute eyesight.
You are a herbivore.
You cover ground extremely quickly.
You need consume almost no food.


Message History

You step into Cot Fuu's shadow.
You can no longer transform into a swirling mass of shadows.
The smoke demon roars!
The iron devil screeches!
The ufetubus shouts!
Cot Fuu shouts, "Relinquish hope, thou wayward nose-picking crunch-chow!"
The ufetubus shouts!
The ufetubus completely misses you. x2
Cot Fuu completely misses you. The smoke demon hits you!
The smoke demon completely misses you. x2
Evoke which item? (* to show all) (? for menu, Esc to quit)
Nothing appears to happen.
The ufetubus barely misses you. The ufetubus completely misses you.
Cot Fuu completely misses you.
The blue devil swoops through the air toward you!
The blue devil misses you. The smoke demon hits you!
The smoke demon completely misses you. The smoke demon barely misses you.
The ufetubus closely misses you. x2
Cot Fuu hits you!
* * * LOW HITPOINT WARNING * * *
You emit a cloud of dark smoke.
Unknown command.
Are you sure you want to abandon this character and quit the game? (Confirm with "yes".)

▓...}....▓..).|...▓
▓........▓........▓
▓........▓........▓
▓.▓....▓.▓.▓....▓.▓
▓........▓........▓
▓▓▓▓▓▓▓▓▓▓▓▓▓▓▓▓▓▓▓
▓.§§8©8...▓..8©8..
▓..5355...▓..M)=..▓
▓.§@&4=...▓..MM...▓
▓.4§§§....▓..MMM..▓
▓..§§§....▓.......▓
▓.........▓.......▓
▓.........▓.......▓
▓.▓.....▓.▓.▓...▓.▓
▓.........▓.......▓
▓▓▓▓▓▓▓▓▓▓▓▓▓▓▓▓▓▓▓
▓..8©8..▓


You could see Cot Fuu, an iron devil, a smoke demon, a blue devil, a white imp
and an ufetubus.

Vanquished Creatures
  A fire drake (D)
  A wind drake (D)
  An air elemental (D)
  2 steam dragons (D)
  A warg (shapeshifter) (D)
  A swamp drake (D)
  A spider (shapeshifter) (D)
  A hell hound (D)
  A phantom (D)
  A tengu (shapeshifter) (D)
  An insubstantial wisp (D)
  A scorpion (D)
  A crimson imp (D)
  A giant mite (D)
  A shadow imp (D)
  A giant gecko zombie (D)
  2 giant newt skeletons (D)
  A kobold skeleton (D)
20 creatures vanquished.

Vanquished Creatures (collateral kills)
  3 insubstantial wisps (D)
  A crimson imp (D)
4 creatures vanquished.

Grand Total: 24 creatures vanquished

Notes
Turn   | Place    | Note
--------------------------------------------------------------
     0 | D        | BluebellGnoll, the Spriggan Enchanter, began the quest for the Orb.
     0 | D        | Reached XP level 1. HP: 9/9 MP: 4/4
     0 | D        | Found a roughly hewn altar of Beogh.
     0 | D        | Found a corrupted altar of Lugonu.
     1 | D        | Found a white marble altar of Elyvilon.
     2 | D        | Found a sparkling altar of Nemelex Xobeh.
     2 | D        | Found a burning altar of Makhleb.
     3 | D        | Found a deep blue altar of Sif Muna.
     3 | D        | Found a bloodstained altar of Trog.
     6 | D        | Found an iron altar of Okawaru.
    19 | D        | Found an ancient bone altar of Kikubaaqudgha.
    21 | D        | Found a basalt altar of Yredelemnul.
    21 | D        | Found a radiant altar of Vehumet.
    55 | D        | Found a shimmering altar of Xom.
    63 | D        | Reached skill level 10 in Evocations
    63 | D        | Reached XP level 2. HP: 13/13 MP: 7/7
    67 | D        | Learned a level 2 spell: Ensorcelled Hibernation
    80 | D        | Became a worshipper of Dithmenos the Shadowed
    92 | D        | Entered arena 1.
    92 | D        | Noticed a scorpion
    96 | D        | Killed a scorpion
    96 | D        | Reached XP level 3. HP: 16/16 MP: 11/11
   102 | D        | Entered arena 2.
   102 | D        | Noticed a tengu
   102 | D        | Noticed an ice beast
   102 | D        | Noticed a spider
   107 | D        | Killed a tengu
   107 | D        | Reached XP level 4. HP: 21/21 MP: 14/14
   107 | D        | Reached XP level 5. HP: 24/24 MP: 18/18
   111 | D        | Noticed a warg
   111 | D        | an ice beast changed into a warg
   116 | D        | Killed a spider
   116 | D        | Reached skill level 12 in Dodging
   123 | D        | Killed a warg
   123 | D        | Reached skill level 14 in Dodging
   123 | D        | Reached XP level 6. HP: 24/28 MP: 5/20
   155 | D        | Learned a level 3 spell: Confuse
   158 | D        | Learned a level 2 spell: Sure Blade
   159 | D        | Identified Rivveink's Catalogue of Assistive Dislocation (You found it in the Dungeon)
   160 | D        | Identified Thahin's Further Progress in Secret Knowledge (You found it in the Dungeon)
   209 | D        | Identified Thahin's Further Progress in Secret Knowledge (You found it in the Dungeon)
   210 | D        | Entered arena 3.
   210 | D        | Noticed a steam dragon
   210 | D        | Noticed a swamp drake
   210 | D        | Noticed a fire drake
   210 | D        | Noticed a steam dragon
   214 | D        | Killed a steam dragon
   214 | D        | Acquired Dithmenos' first power
   214 | D        | Reached skill level 5 in Spellcasting
   214 | D        | Reached skill level 5 in Hexes
   216 | D        | Killed a fire drake
   216 | D        | Reached XP level 7. HP: 29/32 MP: 21/25
   217 | D        | Killed a steam dragon
   217 | D        | Acquired Dithmenos' second power
   219 | D        | Killed a swamp drake
   219 | D        | Reached skill level 10 in Stealth
   233 | D        | Learned a level 3 spell: Dazzling Spray
   238 | D        | Learned a level 4 spell: Enslavement
   246 | D        | Learned a level 6 spell: Mass Confusion
   247 | D        | Entered arena 4.
   247 | D        | Noticed a phantom
   255 | D        | Acquired Dithmenos' third power
   262 | D        | Killed a phantom
   262 | D        | Reached XP level 8. HP: 36/36 MP: 23/27
   265 | D        | Entered arena 5.
   265 | D        | Noticed a crimson imp
   265 | D        | Noticed a crimson imp
   265 | D        | Noticed a hell hound
   273 | D        | Killed a crimson imp
   283 | D        | Killed a crimson imp
   290 | D        | Killed a hell hound
   290 | D        | Acquired Dithmenos' fourth power
   292 | D        | Got the +6 blowgun of the Red Skies {speed, rC+ rN+}
   510 | D        | Entered arena 6.
   510 | D        | Noticed a guardian mummy
   510 | D        | Noticed a guardian mummy
   514 | D        | Entered arena 7.
   514 | D        | Noticed an air elemental
   514 | D        | Noticed an insubstantial wisp
   514 | D        | Noticed a wind drake
   514 | D        | Noticed an insubstantial wisp
   514 | D        | Noticed an insubstantial wisp
   514 | D        | Noticed an insubstantial wisp
   538 | D        | a wind drake (ally) was killed
   540 | D        | Killed an air elemental
   541 | D        | Killed an insubstantial wisp
   545 | D        | Killed an insubstantial wisp
   545 | D        | Killed an insubstantial wisp
   546 | D        | Killed an insubstantial wisp
   546 | D        | Reached skill level 10 in Spellcasting
   682 | D        | Entered arena 8.
   682 | D        | Noticed a smoke demon
   682 | D        | Noticed a blue devil
   682 | D        | Noticed Cot Fuu the pandemonium lord
   682 | D        | Noticed an iron devil
   687 | D        | Quit the game

Action                   |  1- 3 |  4- 6 |  7- 9 || total
-------------------------+-------+-------+-------++-------
Melee: Quick blade       |     3 |     3 |    23 ||    29
 Cast: Ensorcelled Hiber |       |     6 |     1 ||     7
       Sure Blade        |       |       |     4 ||     4
       Confuse           |       |       |     9 ||     9
       Enslavement       |       |       |     2 ||     2
       Mass Confusion    |       |       |     1 ||     1
       Dazzling Spray    |       |       |     1 ||     1
Invok: Shadow Step       |       |       |     2 ||     2
Evoke: Disc of storms    |       |     1 |     2 ||     3
       Fan of gales      |       |       |     1 ||     1
  Use: Potion            |     3 |     3 |     4 ||    10
       Scroll            |       |       |     1 ||     1
 Stab: Sleeping          |     3 |     3 |     4 ||    10
       Confused          |       |       |     3 ||     3
